 Dungeon Crawl Stone Soup version 0.27-a0-899-ge2d0b17c59 (webtiles) character file.

Game seed: 17373202529866976330

339 mhtbhm the Covert (level 6, -5/36 HPs)
             Began as a Kobold Brigand on Apr 5, 2021.
             Slain by a hornet (9 damage)
             ... on level 5 of the Dungeon.
             The game lasted 00:04:05 (3124 turns).

mhtbhm the Covert (Kobold Brigand)                  Turns: 3124, Time: 00:04:05

Health: -5/36      AC:  3    Str:  8    XL:     6   Next: 86%
Magic:  6/6        EV: 15    Int: 13    God:
Gold:   161        SH:  0    Dex: 18    Spells: 5/5 levels left

rFire    . . .     SeeInvis .   a - +2 dagger
rCold    . . .     Faith    .   (shield restricted)
rNeg     . . .     Spirit   .   b - +0 robe
rPois    .         Reflect  .   (no helmet)
rElec    .         Harm     .   c - +0 cloak
rCorr    .         Rampage  .   (no gloves)
Will     .....                  (no boots)
Stlth    +++++.....             (no amulet)
HPRegen  0.12/turn              (no ring)
MPRegen  0.10/turn              (no ring)

@: no status effects
A: small, no large weapons, nightstalker 3
a: no special abilities


You were on level 5 of the Dungeon.
You visited 1 branch of the dungeon, and saw 5 of its levels.

You collected 161 gold pieces.

Inventory:

Hand Weapons
 a - a +2 dagger (weapon)
Missiles
 d - a poisoned dart (quivered)
Armour
 b - a +0 robe (worn)
 c - a +0 cloak (worn)
Jewellery
 j - a ring of ice
Wands
 e - a wand of flame (15)
Scrolls
 h - a scroll of enchant armour {unknown}
 i - 2 scrolls of teleportation
 k - a scroll of fear
 l - a scroll of acquirement {unknown}
 m - a scroll of amnesia {unknown}


   Skills:
 + Level 2.9 Fighting
 + Level 4.5 Short Blades
 + Level 2.7 Throwing
 + Level 2.2 Dodging
 + Level 8.9 Stealth


You had 5 spell levels left.
You didn't know any spells.
Your spell library contained the following spells:

 Spells                   Type           Power      Damage    Failure   Level
 Magic Dart               Conj           0%         1d3       30%         1
 Blink                    Tloc           N/A        N/A       43%         2
 Call Imp                 Summ           0%         N/A       43%         2
 Slow                     Hex            0%         N/A       43%         2
 Conjure Flame            Conj/Fire      0%         6-21      67%         3
 Mephitic Cloud           Conj/Pois/Air  0%         N/A       67%         3


Dungeon Overview and Level Annotations

Branches:
Dungeon (5/15)
 Temple: D:4-7

Altars:
Ashenzari


Innate Abilities, Weirdness & Mutations

You are small and have problems with some larger weapons.
You are completely attuned to the shadows.


Message History

No target in view!
No target in view!
No target in view!
You start resting.
A jelly comes into view.
A jelly is nearby!
You see here 8 gold pieces.
You now have 161 gold pieces (gained 8).
The jelly quivers.
You hit the jelly.
Your hands burn!
The jelly is lightly wounded.
The jelly barely misses you.
You hit the jelly.
Your hands burn!
The jelly is lightly wounded.
The jelly hits you.
You are splashed with acid!
* * * LOW HITPOINT WARNING * * *
You are too injured to fight recklessly!
You are too injured to fight recklessly!
You are too injured to fight recklessly!
You are too injured to fight recklessly!
You are too injured to fight recklessly!
You are too injured to fight recklessly!
You are too injured to fight recklessly!
You are too injured to fight recklessly!
You are too injured to fight recklessly!
You are too injured to fight recklessly!
Found a potion of heal wounds.
A quokka comes into view.
There is a stone staircase leading down here.
A hornet comes into view.
The hornet buzzes angrily.
The jelly jiggles.
The jelly hits you.
* * * LOW HITPOINT WARNING * * *
You are splashed with acid.
* * * LOW HITPOINT WARNING * * *
Unknown command.
The hornet completely misses you. The hornet stings you!
You die...

........#.
...........#
............#
...r.........
###.#...y#....
r.r....J.@.#
....>...#..#..
......)....#.#
...........#.#
...........#.##
..............#♣
.......#..)..##
.......<.#....#
....##.....##...


You could see a hornet and a jelly.

Vanquished Creatures
  Sigmund (D:3)
  A centaur skeleton (D:5)
  Terence (D:3)
  An orc wizard (D:5)
  3 gnolls (D:2)
  2 adders
  A dart slug (D:3)
  An orc (D:4)
  9 ball pythons
  5 endoplasms
  A giant cockroach (D:3)
  6 hobgoblins
  7 jackals
  4 quokkas
  2 bats
  A frilled lizard (D:1)
  A goblin (D:2)
  5 kobolds
  9 rats
61 creatures vanquished.

Notes
Turn   | Place    | Note
-------+----------+-------------------------------------------
     0 | D:1      | mhtbhm the Kobold Brigand began the quest for the Orb.
     0 | D:1      | Reached XP level 1. HP: 12/12 MP: 1/1
    92 | D:1      | Reached XP level 2. HP: 17/17 MP: 2/2
   410 | D:1      | Reached skill level 6 in Stealth
   600 | D:1      | Reached XP level 3. HP: 22/22 MP: 3/3
   741 | D:1      | Found a faded altar of an unknown god.
  1215 | D:2      | Found a broken altar of Ashenzari.
  1458 | D:2      | Reached XP level 4. HP: 27/27 MP: 4/4
  1486 | D:2      | Reached skill level 7 in Stealth
  2072 | D:3      | Noticed Sigmund
  2074 | D:3      | Noticed Terence
  2096 | D:3      | Killed Sigmund
  2097 | D:3      | Reached skill level 8 in Stealth
  2097 | D:3      | Reached XP level 5. HP: 18/31 MP: 5/5
  2097 | D:3      | Reached XP level 6. HP: 21/36 MP: 6/6
  2118 | D:3      | Killed Terence
  2769 | D:4      | Noticed a black bear
  3000 | D:5      | Entered Level 5 of the Dungeon
  3121 | D:5      | Noticed a hornet
  3124 | D:5      | Slain by a hornet

Illustrated notes

Levels and vault maps discovered:
D:1:      psy_arrival_conway, layout_loops_ring,
          shapermc_ecumenical_altar_flowoftime, serial_glass, glass_columns_b,
          glass_columns_b
D:2:      layout_loops_ring, basic_altar
D:3:      layout_rooms, uniq_sigmund, uniq_terence
D:4:      layout_basic
D:5:      cheibrodos_iron_armory, layout_rooms, uniq_crazy_yiuf_cottage,
          uniq_grinder, uniq_ijyb

Skill      XL: |  1  2  3  4  5  6 |
---------------+-------------------+-----
Short Blades   | 3 4 |  4.5
Stealth        | 6 8 |  8.9
Dodging        | 2 |  2.2
Fighting       | |  2.9
Throwing       | |  2.7

Action                   |  1- 3 |  4- 6 || total
-------------------------+-------+-------++-------
Melee: Dagger            |    63 |    95 ||   158
Throw: Dart              |       |    18 ||    18
  Use: Potion            |       |     7 ||     7
       Scroll            |       |     4 ||     4
 Stab: Sleeping          |    26 |    14 ||    40
Armor: Robe              |     7 |    18 ||    25
Dodge: Dodged            |    44 |    76 ||   120

Table legend: (Time is in decaauts)
 A = Elapsed time spent in this place.
 B = Non-inter-level travel time spent in this place.
 C = Inter-level travel time spent in this place.
 D = Time resting spent in this place.
 E = Time spent auto-exploring this place.
 F = Levels seen in this place.
 G = Mean time per level.
                   A        B        C        D        E       F      G
               +--------+--------+--------+--------+--------+-----+--------+
         Total |   3083 |   3024 |     59 |    644 |   1844 |   5 |  616.6 |
       Dungeon |   3083 |   3024 |     59 |    644 |   1844 |   5 |  616.6 |
               +--------+--------+--------+--------+--------+-----+--------+

Top non-repeatable levels by time:
     D:1: 1199 daAuts
     D:3: 765 daAuts
     D:2: 747 daAuts
     D:4: 254 daAuts
     D:5: 116 daAuts
